 Dungeon Crawl Stone Soup version 0.23-a0-171-g5ae17c6 (webtiles) character file.

54 Amnesiac the Chiller (level 3, 0/24 HPs)
             Began as a Mummy Ice Elementalist on Sept 15, 2018.
             Slain by a quasit (2 damage)
             ... while paralysed
             ... on level 3 of the Dungeon.
             The game lasted 00:05:16 (917 turns).

Amnesiac the Chiller (Mummy Ice Elementalist)        Turns: 917, Time: 00:05:16

Health: 0/24       AC:  2    Str: 11      XL:     3   Next: 66%
Magic:  5/7        EV:  2    Int: 15      God:
Gold:   52         SH:  0    Dex:  0 (12) Spells: 2/8 levels left

rFire    x . .     SeeInvis +   (no weapon)
rCold    + . .     Gourm    .   (no shield)
rNeg     + + +     Faith    .   a - +0 robe
rPois    ∞         Spirit   .   (no helmet)
rElec    .         Reflect  .   (no cloak)
rCorr    .         Harm     .   (no gloves)
MR       .....                  (no boots)
Stlth    ..........             (no amulet)
HPRegen  0.08/turn              e - ring of see invisible
MPRegen  0.10/turn              (no ring)

@: paralysed, slowed, lost dexterity
A: no food or potions, fire vulnerability, cold resistance 1, negative energy
resistance 3, torment resistance, unbreathing
a: no special abilities


You were on level 3 of the Dungeon.
You were not hungry.

You visited 1 branch of the dungeon, and saw 3 of its levels.

You collected 52 gold pieces.

Inventory:

Armour
 a - a +0 robe (worn)
 b - a +0 buckler
Jewellery
 e - a ring of see invisible (left hand)
Scrolls
 c - a scroll of fear {!r}


   Skills:
 - Level 1.5 Dodging
 - Level 1.5 Stealth
 + Level 0.2 Shields
 + Level 3.4 Spellcasting
 - Level 0.7 Conjurations
 * Level 3.4 Ice Magic


You had 2 spell levels left.
You knew the following spells:

 Your Spells              Type           Power        Failure   Level  Hunger
a - Freeze                Ice            ##..         4%          1    N/A
b - Throw Frost           Conj/Ice       #.....       12%         2    N/A
z - Ozocubu's Armour      Chrm/Ice       #.......     28%         3    N/A

Your spell library contained the following spells:

 Spells                   Type           Power        Failure   Level  Hunger
 Throw Icicle             Conj/Ice       #.......     63%         4    N/A
 Summon Ice Beast         Ice/Summ       #.......     67%         4    N/A

Dungeon Overview and Level Annotations

Branches:
Dungeon (3/15)

Altars:

Annotations:
D:3 Thaneod's ghost, amateur OpFE


Innate Abilities, Weirdness & Mutations

You do not eat or drink.
Your flesh is vulnerable to fire.
You are immune to poison.
Your flesh is cold resistant. (rC+)
You are immune to negative energy. (rN+++)
You are immune to unholy pain and torment.
You can survive without breathing.


Message History

The quasit completely misses you. The quasit claws you.
The quasit barely misses you. x2; The quasit claws you.
You feel clumsy.
The quasit claws you but does no damage.
The quasit bites you. The quasit misses you. The quasit claws you.
* * * LOW HITPOINT WARNING * * *
You feel clumsy. The quasit misses you.
The quasit claws you but does no damage.
The quasit claws you.
* * * LOW HITPOINT WARNING * * *
You feel clumsy. The quasit bites you.
* * * LOW HITPOINT WARNING * * *
You feel clumsy.
The quasit claws you but does no damage.
The quasit barely misses you. The quasit bites you.
* * * LOW HITPOINT WARNING * * *
You feel clumsy. The quasit claws you.
* * * LOW HITPOINT WARNING * * *
The quasit closely misses you.
Really read
f - a scroll labeled SOASTUGAMN {!r}?
As you read the scroll labeled SOASTUGAMN {!r}, it crumbles to dust.
The creatures around you are filled with an inner flame!
It was a scroll of immolation {!r}.
The quasit closely misses you. The quasit claws you.
* * * LOW HITPOINT WARNING * * *
You feel clumsy.
The quasit claws you but does no damage.
Casting: Freeze (safe; 4% risk of failure)
Confirm with . or Enter, or press ? or * to list all spells.
Aiming: Freeze (safe; 4% risk of failure)
Press: ? - help, Shift-Dir - straight line, f - quasit
Aim: a quasit (inner flame)
You freeze the quasit.
The quasit completely resists.
The quasit closely misses you.
The quasit claws you but does no damage.
The quasit completely misses you.
Casting: Freeze (safe; 4% risk of failure)
Confirm with . or Enter, or press ? or * to list all spells.
Aiming: Freeze (safe; 4% risk of failure)
Press: ? - help, Shift-Dir - straight line, f/p - quasit
Aim: a quasit (inner flame)
You freeze the quasit.
The quasit completely resists.
The quasit barely misses you. The quasit claws you.
* * * LOW HITPOINT WARNING * * *
You feel clumsy. The quasit claws you.
* * * LOW HITPOINT WARNING * * *
You feel clumsy.
Really read
d - a scroll labeled MYMU FOTZO {!r}?
As you read the scroll labeled MYMU FOTZO {!r}, it crumbles to dust.
It is a scroll of identify.
c - a scroll of fear {!r} The quasit bites you but does no damage.
The quasit closely misses you. The quasit barely misses you.
The quasit bites you.
* * * LOW HITPOINT WARNING * * *
You feel clumsy.
You have lost your dexterity.
The quasit claws you but does no damage. x2
The quasit bites you.
You die...

##########.....
.........+..(..
#####........
##.....###....
##..#####.##.##
#..##......#..%
#.##....#..##..
#.#####.#5..#...#.#..
#...@55.##.5##.#. #.<
#.####..©#.#...#.##..
##.##.....#(#...
#.#...#©.=(#©..
#.#.#...#..#...
#.##.#.....##..
#..#...#.#..#..
##[#...#.#..#..
#.#.......##..


You could see 3 quasits.

Vanquished Creatures
  Jessica (D:2)
  3 dart slugs
  A leopard gecko (D:2)
  An orc (D:2)
  4 goblins
  A hobgoblin (D:1)
  3 jackals (D:3)
  A quokka (D:2)
  A frilled lizard (D:2)
  2 kobolds
  3 rats
21 creatures vanquished.

Notes
Turn   | Place    | Note
-------+----------+-------------------------------------------
     0 | D:1      | Amnesiac the Mummy Ice Elementalist began the quest for the
                  | Orb.
     0 | D:1      | Reached XP level 1. HP: 13/13 MP: 4/4
   124 | D:1      | Reached XP level 2. HP: 4/19 MP: 0/5
   370 | D:2      | Noticed Jessica
   423 | D:2      | Killed Jessica
   423 | D:2      | Reached XP level 3. HP: 16/24 MP: 0/7
   427 | D:2      | Learned a level 2 spell: Throw Frost
   534 | D:2      | Learned a level 3 spell: Ozocubu's Armour
   660 | D:3      | Found a transporter.
   839 | D:3      | Noticed Thaneod's ghost (amateur OpFE)
   859 | D:3      | Found a transporter.
   916 | D:3      | Lost dexterity.
   917 | D:3      | Slain by a quasit

Vault maps used:
D:1:      dpeg_arrival_central, serial_forest, infiniplex_forest_clump_long,
          infiniplex_forest_end_3, infiniplex_forest_clump_small,
          infiniplex_forest_clump_small, infiniplex_forest_straight_4,
          infiniplex_forest_lined_room_2
D:2:      uniq_jessica
D:3:      gammafunk_ghost_stat_death

Skill      XL: |  1  2 |
---------------+-------+-----
Spellcasting   | 3 |  3.4
Ice Magic      | 3 |  3.4
Dodging        | |  1.5
Stealth        | |  1.5
Shields        | |  0.2
Conjurations   | |  0.7

Action                   || total
-------------------------++-------
Melee: Unarmed           ||     4
 Cast: Freeze            ||    40
  Use: Scroll            ||     2
Armor: Robe              ||    18
Dodge: Dodged            ||    44

Table legend:
 A = Non-vault XP
 B = Vault XP
 C = Vault XP percentage of total XP
 D = Non-vault monster count
 E = Vault monster count
 F = Vault count percentage of total count
                 A         B        C        D         E       F
            +---------+---------+-------+---------+---------+-------
      Total |      41 |      37 |  47.4 |      20 |       1 |   4.8
            +---------+---------+-------+---------+---------+-------
        D:1 |      15 |       0 |   0.0 |       6 |       0 |   0.0
        D:2 |      17 |      37 |  68.5 |       8 |       1 |  11.1
        D:3 |       9 |       0 |   0.0 |       6 |       0 |   0.0
            +---------+---------+-------+---------+---------+-------
